 Dungeon Crawl Stone Soup version 0.19-a0-1831-gd4c818f (webtiles) character file.

241 Psiweapon the Quickloader (level 6, 0/35 HPs)
             Began as a Kobold Hunter on Oct 6, 2016.
             Was a Follower of Dithmenos.
             Slain by a gnoll shaman
             ... wielding a +0 club
              (4 damage)
             ... on level 4 of the Dungeon on Oct 8, 2016.
             The game lasted 00:11:52 (4060 turns).

Psiweapon the Quickloader (Kobold Hunter)           Turns: 4060, Time: 00:11:53

Health: 0/35       AC:  6    Str:  7 (9)  XL:     6   Next: 30%
Magic:  6/6        EV: 14    Int: 14 (17) God:    Dithmenos [*.....]
Gold:   193        SH:  0    Dex: 17 (18) Spells: 0 memorised, 5 levels left

rFire  . . .     SeeInvis .     I - +5 mace "Cozxeab" {elec, rC+}
rCold  + . .     Gourm    .     J - +3 leather armour
rNeg   . . .     Faith    .     (shield restricted)
rPois  .         Spirit   .     (helmet restricted)
rElec  .         Dismiss  +     (no cloak)
rCorr  .         Reflect  .     (no gloves)
MR     .....     Harm     .     (no boots)
Stlth  ++........               A - amulet of dismissal
                                (no ring)
                                (no ring)

@: brilliant, flying, wreathed by umbra
A: antennae 1, carnivore 3, wild magic 1
a: Renounce Religion


You were on level 4 of the Dungeon.
You worshipped Dithmenos.
Dithmenos was aware of your devotion.
You were completely stuffed.

You visited 2 branches of the dungeon, and saw 6 of its levels.

You collected 193 gold pieces.

Inventory:

Hand Weapons
 a - a +1 hand crossbow
 b - a +0 rapier
 l - a +0 short sword
 I - the +5 mace "Cozxeab" (weapon) {elec, rC+}
   (You found it on level 5 of the Dungeon)

   Occasionally, upon striking a foe, it will discharge some electrical energy
   and cause terrible harm.
   It protects you from cold.
Missiles
 d - 6 bolts
 g - 207 stones (quivered)
 B - 16 poisoned needles
Armour
 c - a +0 leather armour
 m - a +0 ring mail
 J - a +3 leather armour (worn)
Jewellery
 A - an amulet of dismissal (around neck)
Wands
 E - a wand of confusion (9/48)
Scrolls
 e - a scroll of fog {unknown}
 h - a scroll of remove curse
 i - a scroll of immolation {unknown}
 j - 2 scrolls of teleportation {unknown}
 q - a scroll of fear {unknown}
 r - a scroll of magic mapping {unknown}
 t - a scroll of amnesia {unknown}
 w - a scroll of recharging
 y - 2 scrolls of identify {unknown}
 D - a scroll of enchant armour {unknown}
Potions
 p - a potion of lignification {unknown}
 u - a potion of flight
 v - a potion of might {unknown}
 z - a potion of heal wounds {unknown}
 F - a potion of curing
Books
 x - a book of Misfortune

   Spells                             Type                      Level
   a - Confusing Touch                Hexes                        1
   b - Confuse                        Hexes                        3
   c - Gell's Gravitas                Hexes/Translocation          3
   d - Petrify                        Transmutation/Earth          4
   e - Metabolic Englaciation         Hexes/Ice                    5
   f - Yara's Violent Unravelling     Hexes/Transmutation          5
 C - a book of Cantrips

   Spells                             Type                      Level
   a - Confusing Touch                Hexes                        1
   b - Animate Skeleton               Necromancy                   1
   c - Summon Small Mammal            Summoning                    1
   d - Apportation                    Translocation                1
 H - a book of Flames

   Spells                             Type                      Level
   a - Flame Tongue                   Conjuration/Fire             1
   b - Throw Flame                    Conjuration/Fire             2
   c - Conjure Flame                  Conjuration/Fire             3
   d - Inner Flame                    Hexes/Fire                   3
   e - Sticky Flame                   Conjuration/Fire             4
   f - Fireball                       Conjuration/Fire             5
   Dithmenos disapproves of the use of such an item.
Comestibles
 f - 5 meat rations
 s - a slice of pizza


   Skills:
 - Level 2.1 Fighting
 + Level 8.6 Crossbows
 - Level 2.4 Dodging
 - Level 1.3 Stealth


You had 5 spell levels left.
You didn't know any spells.

Dungeon Overview and Level Annotations

Branches:
Dungeon (5/15)             Temple (1/1) D:4

Altars:
Ashenzari
Dithmenos
Fedhas
Hepliaklqana
Nemelex Xobeh
Okawaru
Qazlal
Trog
Uskayaw
Vehumet
Xom
Zin
The Shining One

Shops:
D:4 *

Annotations:
D:4 Grinder


Innate Abilities, Weirdness & Mutations

You are small and have problems with some larger weapons.
You are carnivorous and can eat meat at any time.
You have a pair of small antennae on your head.
Your spells are a little harder to cast, but a little more powerful.


Message History

* * * LOW HITPOINT WARNING * * *
It was a potion of flight.
You feel very buoyant.
You fly up into the air.
The gnoll closely misses you.
Grinder comes into view.
Found a stone staircase leading down.
It was a potion of mutation.
You feel extremely strange. A pair of antennae grows on your head!
You feel less in control of your magic. The gnoll misses you.
The gnoll hits you but does no damage.
It was a potion of brilliance.
You feel clever all of a sudden. The gnoll closely misses you.
The gnoll completely misses you. The gnoll shaman hits you with a club.
* * * LOW HITPOINT WARNING * * *
It was a potion of degeneration.
There was something very wrong with that liquid.
You feel weakened.
You feel dopey.
You feel clumsy.
The gnoll hits you but does no damage. x2
The gnoll shaman hits you with a club.
You die...

<..#### ......#
#...5.... ......# #
#....... ......# #.
.>..... ......#
###.###.....
......###.....#)....
.......#.......#(.#
....##)..........#
....##.........g@#
...............g########
.........[.....g# .....#
................##.....#
.....................[.#
......#...∩.....#((....#
.[....#.........#..)(..#
...#. #.........##.....#
...#.##.........# .....#


You could see Grinder (sleeping), a gnoll shaman and 2 gnolls.

Vanquished Creatures
  The ghost of cortexin the Sneak, an amateur SpAs (D:3)
  A crimson imp (D:3)
  A gnoll (D:4)
  3 adders
  A shadow imp (D:5)
  3 worms
  5 dart slugs
  A leopard gecko (D:4)
  11 orcs
  9 bats
  4 giant cockroaches
  5 goblins
  4 hobgoblins
  2 jackals (D:1)
  2 quokkas
  A ball python (D:1)
  3 frilled lizards
  7 kobolds
  7 rats
71 creatures vanquished.

Notes
Turn   | Place    | Note
-------+----------+-------------------------------------------
     0 | D:1      | Psiweapon the Kobold Hunter began the quest for the Orb.
     0 | D:1      | Reached XP level 1. HP: 12/12 MP: 1/1
    17 | D:1      | Upgraded the game from 0.19-a0-1820-gbf060b2 to 0.19-a0-1831-gd4c818f
    68 | D:1      | Reached skill level 5 in Crossbows
   282 | D:1      | Reached XP level 2. HP: 16/17 MP: 2/2
   620 | D:2      | Reached XP level 3. HP: 21/21 MP: 3/3
   634 | D:2      | Reached skill level 6 in Crossbows
   906 | D:3      | Found a hide-covered altar of Uskayaw.
  1357 | D:2      | Reached XP level 4. HP: 26/26 MP: 4/4
  2369 | D:4      | Found a staircase to the Ecumenical Temple.
  2392 | Temple   | Entered the Ecumenical Temple
  2520 | Temple   | Became a worshipper of Dithmenos the Shadowed
  2692 | D:3      | Noticed cortexin's ghost (amateur SpAs)
  2705 | D:3      | Killed cortexin's ghost
  2705 | D:3      | Reached skill level 7 in Crossbows
  2705 | D:3      | Reached XP level 5. HP: 18/30 MP: 5/5
  2949 | D:3      | Reached skill level 8 in Crossbows
  3119 | D:3      | Found a shimmering altar of Xom.
  3182 | D:3      | Found a sparkling altar of Nemelex Xobeh.
  3284 | D:3      | Reached XP level 6. HP: 35/35 MP: 6/6
  3710 | D:4      | Reached * piety under Dithmenos
  3770 | D:5      | Entered Level 5 of the Dungeon
  3773 | D:5      | Found an iron altar of Okawaru.
  3775 | D:5      | Got a crystal mace
  3789 | D:5      | Identified the +5 mace "Cozxeab" {elec, rC+} (You found it on level 5 of the Dungeon)
  4019 | D:4      | Found Nafedakk's Assorted Antiques.
  4057 | D:4      | Noticed Grinder
  4058 | D:4      | Gained mutation: You have a pair of small antennae on your head. [potion of mutation]
  4058 | D:4      | Gained mutation: Your spells are a little harder to cast, but a little more powerful. [potion of mutation]
  4060 | D:4      | Slain by a gnoll shaman

Vault maps used:
D:1:      minmay_arrival_jagged
D:3:      lemuel_doored_altar, nemelex_xobeh_ov_fountains_minmay,
          nicolae_overflow_hidden_temple, first_bread
D:4:      serial_shops, shop, uniq_grinder
D:5:      okawaru_trees_1, elyvilon_altar_3, grunt_decor_resistance,
          uniq_eustachio, uniq_crazy_yiuf_cottage
Temple:   nicolae_temple_figure_zero

Skill      XL: |  1  2  3  4  5 |
---------------+----------------+-----
Crossbows      | 5 6 7 8 |  8.6
Fighting       | |  2.1
Dodging        | |  2.4
Stealth        | |  1.3

Action                   |  1- 3 |  4- 6 || total
-------------------------+-------+-------++-------
Melee: Short sword       |    30 |       ||    30
       Rapier            |    10 |    75 ||    85
       Mace              |       |    28 ||    28
 Fire: Hand crossbow     |    33 |    61 ||    94
Evoke: Wand              |       |     4 ||     4
  Use: Potion            |       |     5 ||     5
       Scroll            |       |     2 ||     2
 Stab: Sleeping          |     1 |     1 ||     2
  Eat: Chunk             |    10 |     8 ||    18
Armor: Leather armour    |    15 |    21 ||    36
Dodge: Dodged            |    39 |    89 ||   128
